 Dungeon Crawl Stone Soup version 0.29.0-13-gc9e81de378 (webtiles) character file.

Game seed: 97963834596000029

63 DKP the Magician (level 3, 0/19 HPs)
             Began as a Deep Elf Fire Elementalist on Sept 9, 2022.
             Slain by an orc
             ... wielding a +0 mace
              (3 damage)
             ... on level 2 of the Dungeon.
             The game lasted 00:07:38 (2954 turns).

DKP the Magician (Deep Elf Fire Elementalist)       Turns: 2954, Time: 00:07:39

Health: 0/19       AC:  4    Str:  5    XL:     3   Next: 89%
Magic:  6/10       EV: 12    Int: 21    God:
Gold:   62         SH:  0    Dex: 15    Spells: 4/10 levels left

rFire   . . .      SeeInvis .   (no weapon)
rCold   . . .      Faith    .   (no shield)
rNeg    . . .      Spirit   .   a - +1 robe
rPois   .          Reflect  .   (no helmet)
rElec   .          Harm     .   (no cloak)
rCorr   .          Rampage  .   (no gloves)
Will    .....                   h - +0 pair of boots
Stlth   ++........              (no amulet)
HPRegen 0.06/turn               (no ring)
MPRegen 0.12/turn               (no ring)

@: very slightly contaminated
A: no striking features
a: no special abilities


You were on level 2 of the Dungeon.
You visited 1 branch of the dungeon, and saw 3 of its levels.

You collected 62 gold pieces.

Inventory:

Armour
 a - a +1 robe (worn)
 h - a +0 pair of boots (worn)
Scrolls
 c - a scroll of immolation
 e - a scroll of teleportation
Potions
 f - a potion of flight {unknown}
 g - a potion of mutation {unknown}
 i - a potion of brilliance {unknown}
 j - 2 potions of resistance {unknown}


   Skills:
 - Level 2.4 Dodging
 - Level 2.4 Stealth
 + Level 4.1 Spellcasting
 + Level 2.4 Conjurations
 + Level 1.0 Hexes
 + Level 4.0 Fire Magic


You had 4 spell levels left.
You knew the following spells:

 Your Spells              Type           Power      Damage    Failure   Level
a - Foxfire               Conj/Fire      68%        2x1d7     3%          1
b - Scorch                Fire           42%        2d7       3%          2
c - Inner Flame           Hex/Fire       14%        N/A       13%         3

Your spell library contained the following spells:

 Spells                   Type           Power      Damage    Failure   Level
 Conjure Flame            Conj/Fire      17%        6-21      10%         3
 Flame Wave               Conj/Fire      17%        2d7       30%         4


Dungeon Overview and Level Annotations

Branches:
Dungeon (3/15)

Altars:

Annotations:
D:3 Terence


Message History

An adder comes into view.
The orc hits you with a +0 dagger. The rat bites you but does no damage.
The orc barely misses you.
There is a stone staircase leading up here.
Okay, then.
Okay, then.
Casting: Scorch (safe; 3% risk of failure)
Confirm with . or Enter, or press ? or * to list all spells.
You miscast Scorch.
You are very lightly contaminated with residual magic.
Nothing appears to happen.
The adder hisses angrily.
The rat barely misses you.
Terence the Incautious comes into view.
He is wielding a +3 falchion of electrocution.
The orc hits you with a +0 mace. The orc hits you but does no damage.
Casting: Scorch (safe; 3% risk of failure)
Confirm with . or Enter, or press ? or * to list all spells.
Flames lash the orc.
The orc is heavily wounded.
The orc's fire resistance burns away.
Terence shouts!
You hear a shout!
The bat misses you. The rat misses you.
A kobold comes into view. It is wielding a +0 dagger.
The orc closely misses you. The orc hits you with a +0 dagger.
The rat barely misses you. The orc hits you with a +0 mace.
The orc hits you with a +0 dagger.
* * * LOW HITPOINT WARNING * * *
You climb upwards.
There is a stone staircase leading down here.
As you read the scroll labelled REAPOI GAFOISMIVO, it crumbles to dust.
It is a scroll of enchant armour.
Your +0 robe glows green for a moment.
The orc hits you with a +0 mace.
* * * LOW HITPOINT WARNING * * *
The rat barely misses you. The orc barely misses you.
As you read the scroll labelled XAIRCH XAGUSO, it crumbles to dust.
It is a scroll of brand weapon.
You aren't carrying any weapons that can be branded.
The orc is no longer more vulnerable to fire.
The orc hits you with a +0 mace.
You die...

#.# ##.#.# ###..##.###.# #.#
#.#.# #.........# #.#
#.#.######.##.##### #.#
##+#........##.# #.###
##...##########.# #.<.##
##.....## ###.# ##...##
##.......## ##.#.##
###.....###....or...####.....##
..........+....)@...+.........#
##.......##.....o...####......#
#.......###.......## ##.....#
##.....## ##.....## ##...##
#.....## ####...## ###.#
#...### #.......# #.# ##...####
#.###.#.# #.#
........###.###.#.##### #.#
......................# #.#


You could see 2 orcs and a rat.

Vanquished Creatures
  An adder (D:2)
  A worm (D:2)
  A dart slug (D:2)
  An orc (D:2)
  3 bats
  6 endoplasms
  6 giant cockroaches
  3 hobgoblins (D:1)
  8 jackals (D:2)
  5 kobolds
  2 ball pythons
  A frilled lizard (D:2)
  2 goblins
  3 rats (D:1)
43 creatures vanquished.

Vanquished Creatures (others)
  119 foxfires
119 creatures vanquished.

Grand Total: 162 creatures vanquished

Notes
Turn   | Place    | Note
-------+----------+-------------------------------------------
     0 | D:1      | DKP the Deep Elf Fire Elementalist began the quest for the
                  | Orb.
     0 | D:1      | Reached XP level 1. HP: 10/10 MP: 6/6
   804 | D:1      | Reached XP level 2. HP: 15/15 MP: 4/8
  1630 | D:2      | Reached XP level 3. HP: 11/19 MP: 6/10
  2064 | D:2      | Learned a level 2 spell: Scorch
  2068 | D:2      | Learned a level 3 spell: Inner Flame
  2181 | D:2      | Found a faded altar of an unknown god.
  2882 | D:2      | Reached skill level 1 in Hexes
  2949 | D:3      | Noticed Terence
  2954 | D:2      | Slain by an orc

Illustrated notes

Levels and vault maps discovered:
D:1:      evilmike_arrival_hilbert_curve, layout_basic, minmay_cupped
D:2:      layout_loops_corners, ebering_ecumenical_altar_mist,
          minmay_door_square
D:3:      layout_basic, uniq_terence

Skill      XL: |  1  2  3 |
---------------+----------+-----
Conjurations   | 2 |  2.4
Fire Magic     | 4 |  4.0
Spellcasting   | 4 |  4.1
Hexes          | 1 |  1.0
Dodging        | |  2.4
Stealth        | |  2.4

Action                   || total
-------------------------++-------
Melee: Unarmed           ||     3
 Cast: Foxfire           ||    86
       Scorch            ||     5
       Inner Flame       ||     3
  Use: Scroll            ||     4
       Potion            ||     1
Armor: Robe              ||    16
Dodge: Dodged            ||    32
